AoeStats
← Lunch Cyborg

Black Forest

508137894Analyzed
4v4 RM · 10d ago on Sep 21, 2026· 49m 47s· 8 players
Game mode
Random Map
Map size
Large (8 player)
Population
200
Speed
Normal
Resources
Standard
Victory
Conquest
Starting age
Dark Age
Ending age
Imperial Age
RankedLock teamsTeams togetherTeam positionsShared explorationLock speedFull tech treeHidden civsTurbo modeCheats
Victory
Defeat
🇺🇸 Bengalis · United States
935
+10
🇧🇷 Khmer · Brazil
860
+13
🇲🇽 Spanish · Mexico
825
+14
🇲🇽 Hindustanis · Mexico
819
+14
🇺🇸 Hindustanis · United States
818
-14
🇺🇸 Romans · United States
806
-13
🇺🇸 Inca · United States
762
-12
🇺🇸 Persians · United States
749
-11
Jared G
0:30 Loom
13:28 Feudal Age
17:55 Castle Age
16:51 Double-Bit Axe
18:51 Wheelbarrow
18:13 Horse Collar
18:31 Horse Collar
22:01 Fortified Wall
25:26 Bow Saw
26:43 Hand Cart
28:21 Heavy Plow
32:23 Imperial Age
30:12 Fletching
30:18 Gold Mining
30:51 Ballistics
30:27 Murder Holes
30:43 Masonry
30:14 Treadmill Crane
30:58 Bodkin Arrow
31:05 Padded Archer Armor
31:10 Scale Barding Armor
31:16 Town Watch
32:16 Town Patrol
32:53 Bloodlines
32:43 Husbandry
33:18 Bracer
32:42 Elite Elephant Archer
33:35 Paiks
33:51 Conscription
33:53 Leather Archer Armor
35:08 Chemistry
35:46 Two-Man Saw
38:21 Ring Archer Armor
40:45 Architecture
40:51 Caravan
43:36 Gold Shaft Mining
44:06 Block Printing
44:02 Fervor
44:13 Sanctity
48:46 Mahayana
50:37 Illumination
50:48 Theocracy
JCHANTR3S
7:21 Loom
10:02 Feudal Age
10:44 Double-Bit Axe
11:27 Horse Collar
17:04 Wheelbarrow
18:20 Stone Mining
18:21 Gold Mining
21:34 Castle Age
23:28 Hand Cart
23:16 Heavy Plow
23:29 Bow Saw
24:02 Stone Shaft Mining
24:02 Gold Shaft Mining
23:18 Man-at-Arms
23:24 Pikeman
28:28 Imperial Age
26:04 Long Swordsman
30:12 Chemistry
32:29 Two-Handed Swordsman
33:13 Light Cavalry
35:48 Ballistics
38:00 Scale Mail Armor
38:11 Forging
39:38 Squires
38:59 Champion
39:25 Arson
40:01 Chain Mail Armor
40:29 Grand Trunk Road
40:31 Shatagni
44:10 Coinage
43:41 Caravan
44:54 Town Watch
45:43 Banking
46:22 Town Patrol
50:04 Scale Barding Armor
49:50 Fletching
50:00 Padded Archer Armor
50:36 Iron Casting
Cronos6667550
4:14 Loom
13:00 Feudal Age
16:38 Double-Bit Axe
16:36 Horse Collar
20:57 Castle Age
19:27 Scale Barding Armor
19:37 Gold Mining
21:02 Stone Mining
21:55 Forging
22:23 Heavy Plow
24:50 Wheelbarrow
27:10 Bow Saw
28:51 Hand Cart
33:10 Iron Casting
34:09 Chain Barding Armor
35:40 Bloodlines
36:14 Husbandry
40:31 Imperial Age
41:17 Stone Shaft Mining
45:51 Plate Barding Armor
46:17 Blast Furnace
44:40 Cavalier
44:58 Elite Conquistador
JJCalmon
5:44 Loom
13:27 Feudal Age
17:47 Castle Age
16:33 Double-Bit Axe
16:59 Horse Collar
18:30 Wheelbarrow
19:22 Bow Saw
21:56 Heavy Plow
24:21 Hand Cart
29:11 Imperial Age
27:59 Stone Mining
28:07 Gold Mining
30:42 Conscription
32:27 Double Crossbow
33:05 Heavy Scorpion
36:08 Ballistics
40:23 Chemistry
39:38 Siege Engineers
39:45 Caravan
Spartan 585
0:27 Loom
12:57 Feudal Age
14:32 Wheelbarrow
14:15 Double-Bit Axe
14:14 Horse Collar
14:59 Gold Mining
15:02 Stone Mining
22:41 Castle Age
23:52 Hand Cart
27:58 Stone Shaft Mining
28:00 Gold Shaft Mining
28:18 Fortified Wall
29:47 Bow Saw
32:44 Imperial Age
31:23 Ballistics
34:20 Conscription
33:31 Heavy Camel Rider
34:14 Husbandry
34:25 Bloodlines
35:37 Chemistry
34:54 Caravan
36:14 Scale Barding Armor
36:20 Forging
36:13 Padded Archer Armor
37:07 Imperial Camel Rider
40:31 Two-Man Saw
43:31 Shatagni
46:40 Iron Casting
48:10 Light Cavalry
theBEAR1836
0:35 Loom
13:32 Feudal Age
14:13 Double-Bit Axe
14:13 Horse Collar
24:20 Castle Age
22:41 Gold Mining
25:15 Bow Saw
25:25 Heavy Plow
29:28 Wheelbarrow
30:52 Gold Shaft Mining
30:09 Stone Mining
30:30 Scale Barding Armor
33:13 Hand Cart
38:28 Imperial Age
37:44 Bloodlines
37:40 Husbandry
38:39 Crossbowman
40:12 Conscription
40:16 Kamandaran
41:46 Caravan
46:37 Thumb Ring
NutmegCypress
0:31 Loom
11:33 Feudal Age
12:36 Double-Bit Axe
15:16 Gold Mining
17:16 Wheelbarrow
17:01 Horse Collar
22:32 Castle Age
20:39 Stone Mining
23:44 Bow Saw
24:34 Heavy Plow
27:28 Town Watch
28:04 Fortified Wall
30:24 Man-at-Arms
30:29 Pikeman
31:11 Squires
34:23 Imperial Age
32:52 Gold Shaft Mining
35:20 Heavy Scorpion
36:57 Siege Engineers
39:26 Chemistry
40:27 Onager
Lunch Cyborg
0:34 Loom
13:02 Feudal Age
13:23 Horse Collar
13:30 Double-Bit Axe
19:58 Castle Age
21:40 Heavy Plow
21:51 Bow Saw
23:07 Wheelbarrow
24:17 Hand Cart
32:12 Imperial Age
30:34 Caravan
32:15 Elite Kamayuk
33:14 Scale Mail Armor
33:25 Forging
36:53 Fabric Shields
37:34 Iron Casting
37:14 Chain Mail Armor
42:07 Onager
44:09 Blast Furnace
43:53 Plate Mail Armor
43:49 Conscription
Connection lost

Rejoining the realm…

Still unreachable

The connection could not be restored.

Session expired

The server has moved on; the page needs a fresh start.